 Dungeon Crawl Stone Soup version 0.28.0-43-g3370ac3207 (webtiles) character file.

Game seed: 18112304145502821862

1232 DrunkBamboolord the Martial Artist (level 8, 0/60 HPs)
             Began as a Gnoll Wanderer on Mar 15, 2022.
             Succumbed to a water moccasin's poison
             ... on level 5 of the Dungeon on Mar 16, 2022.
             The game lasted 00:15:40 (5857 turns).

DrunkBamboolord the Martial Artist (Gnoll Wanderer) Turns: 5857, Time: 00:15:40

Health: 0/60       AC:  5    Str: 13    XL:     8   Next: 48%
Magic:  1/12       EV: 18    Int: 11    God:
Gold:   236        SH:  4    Dex: 13    Spells: 9/13 levels left

rFire   . . .      SeeInvis .     - Unarmed
rCold   . . .      Faith    .   p - +0 buckler
rNeg    . . .      Spirit   .   t - +1 robe {Will+}
rPois   .          Reflect  .   (no helmet)
rElec   .          Harm     .   r - +0 cloak
rCorr   .          Rampage  .   (no gloves)
Will    +....                   d - +0 pair of boots
Stlth   ++........              (no amulet)
HPRegen 0.20/turn               s - +4 ring of evasion
MPRegen 0.13/turn               (no ring)

@: lethally poisoned (0 -> -2)
A: fangs 1, strong nose, distributed training
a: no special abilities


You were on level 5 of the Dungeon.
You visited 2 branches of the dungeon, and saw 7 of its levels.

You collected 236 gold pieces.

Inventory:

Hand Weapons
 a - a +5 hunting sling of flaming
Missiles
 c - 79 sling bullets
 g - 131 stones
 k - 9 poisoned darts (quivered)
Armour
 d - a +0 pair of boots (worn)
 p - a +0 buckler (worn)
 q - a +1 ring mail of fire resistance
 r - a +0 cloak (worn)
 t - a +1 robe of willpower (worn)
Jewellery
 s - a +4 ring of evasion (left hand)
Scrolls
 b - a scroll of blinking
 j - a scroll of summoning
 l - 2 scrolls of teleportation
Potions
 m - a potion of lignification
 n - a potion of magic {unknown}
 o - a potion of invisibility {unknown}


   Skills:
 + Level 4.2 Fighting
 + Level 3.3 Short Blades
 + Level 3.3 Long Blades
 + Level 3.3 Axes
 + Level 3.3 Maces & Flails
 + Level 3.3 Polearms
 + Level 3.3 Staves
 + Level 4.2 Slings
 + Level 3.3 Bows
 + Level 3.3 Crossbows
 + Level 3.3 Throwing
 + Level 3.3 Armour
 + Level 7.4 Dodging
 + Level 3.3 Stealth
 + Level 3.3 Shields
 + Level 9.2 Unarmed Combat
 + Level 3.3 Spellcasting
 + Level 2.7 Conjurations
 + Level 2.7 Hexes
 + Level 2.7 Summonings
 + Level 2.7 Necromancy
 + Level 2.7 Translocations
 + Level 2.7 Transmutations
 + Level 2.7 Fire Magic
 + Level 2.7 Ice Magic
 + Level 2.7 Air Magic
 + Level 2.7 Earth Magic
 + Level 2.7 Poison Magic
 + Level 3.6 Invocations
 + Level 4.2 Evocations


You had 9 spell levels left.
You knew the following spells:

 Your Spells              Type           Power      Damage    Failure   Level
a - Slow                  Hex            28%        N/A       11%         1
b - Magic Dart            Conj           28%        1d4       11%         1
c - Call Imp              Summ           7%         N/A       17%         2

Your spell library contained the following spells:

 Spells                   Type           Power      Damage    Failure   Level
 Confusing Touch          Hex            7%         N/A       32%         3
 Ignite Poison            Fire/Tmut/Pois 7%         N/A       32%         3
 Mephitic Cloud           Conj/Pois/Air  7%         N/A       32%         3
 Vampiric Draining        Necr           7%         2d6       32%         3
 Ice Form                 Ice/Tmut       7%         N/A       73%         4
 Summon Ice Beast         Ice/Summ       7%         N/A       73%         4
 Freezing Cloud           Conj/Ice/Air   3%         6-21      97%         5
 Summon Mana Viper        Hex/Summ       7%         N/A       97%         5
 Statue Form              Tmut/Erth      4%         N/A       100%        6
 Monstrous Menagerie      Summ           3%         N/A       100%        7


Dungeon Overview and Level Annotations

Branches:
Dungeon (6/15)             Temple (1/1) D:4

Altars:
Ashenzari
Cheibriados
Dithmenos
Elyvilon
Fedhas
Gozag
Hepliaklqana
Kikubaaqudgha
Makhleb
Nemelex Xobeh
Ru
Sif Muna
Trog
Uskayaw
Wu Jian
Xom
Yredelemnul
Zin
The Shining One


Innate Abilities, Weirdness & Mutations

You have very sharp teeth.
Your uncanny sense of smell can sniff out nearby items.
Your experience applies equally to all skills.


Message History

Casting: Slow (safe; 11% risk of failure)
Confirm with . or Enter, or press ? or * to list all spells.
Aiming: Slow (safe; 11% risk of failure)
Press: ? - help, Shift-Dir - straight line, f/p - water moccasin
Aim: a water moccasin (chance to affect: 44%)
You miscast Slow.
Nothing appears to happen.
You feel yourself slow down. You block the water moccasin's attack.
The water moccasin bites you but does no damage.
There is a stone staircase leading up here.
Casting: Slow (safe; 11% risk of failure)
Confirm with . or Enter, or press ? or * to list all spells.
Aiming: Slow (safe; 11% risk of failure)
Press: ? - help, Shift-Dir - straight line, f/p - water moccasin
Aim: a water moccasin (chance to affect: 44%)
The water moccasin seems to slow down.
The water moccasin completely misses you.
Your magical contamination has completely faded away.
The water moccasin bites you!
* * * LOW HITPOINT WARNING * * *
You are lethally poisoned!
The water moccasin poisons you!
* * * LOW HITPOINT WARNING * * *
You feel very sick.
* * * LOW HITPOINT WARNING * * *
You feel very sick.
* * * LOW HITPOINT WARNING * * *
You feel very sick.
* * * LOW HITPOINT WARNING * * *
You feel sick.
* * * LOW HITPOINT WARNING * * *
You feel sick.
* * * LOW HITPOINT WARNING * * *
You feel sick.
* * * LOW HITPOINT WARNING * * *
You feel sick.
The water moccasin is no longer moving slowly.
* * * LOW HITPOINT WARNING * * *
You feel sick. The water moccasin closely misses you.
You die...

........................#.#.#
........#########.......#.#.#
..............#..<....#.#.#.#
........#####.#.#####.#.#.#.#
........# #.#.#...#.#.#.#.#
.######.# #.#.#.....#.#.#.#
.# #.# #.#.###...#.#.#.#####
.######.#
#.....S.....#.#......
.....##.#
###.@.........######.
.....##.# #######.##########.
.....##.# #....).........
......#.# #)#)#########..
......#.# #)#.# #.. ......#.#
#.#.# #.> ......#.# #.#.# #..
###'###.###########.#.# #..
###.# #.....<.......#.# #..


You could see a water moccasin.

Vanquished Creatures
  An ogre (D:4)
  A scorpion (D:5)
  A water moccasin zombie (D:5)
  A water moccasin skeleton (D:4)
  2 killer bees (D:5)
  A howler monkey (D:5)
  A bullfrog zombie (D:5)
  5 hounds
  3 bullfrog skeletons (D:5)
  A gnoll shaman (D:5)
  2 orc priests
  An iguana (D:5)
  7 orc wizards (D:5)
  A hound skeleton (D:5)
  A hound zombie (D:5)
  7 gnolls (D:5)
  4 adders
  An ufetubus (D:4)
  An adder skeleton (D:4)
  A worm (D:3)
  3 dart slugs
  15 orcs
  9 ball pythons
  7 endoplasms
  3 goblins
  9 hobgoblins
  7 jackals
  4 quokkas
  8 bats
  A frilled lizard (D:3)
  7 kobolds
  2 rats
118 creatures vanquished.

Vanquished Creatures (collateral kills)
  A killer bee (D:5)
1 creature vanquished.

Vanquished Creatures (others)
  An orc wizard (D:5)
1 creature vanquished.

Grand Total: 120 creatures vanquished

Notes
Turn   | Place    | Note
-------+----------+-------------------------------------------
     0 | D:1      | DrunkBamboolord the Gnoll Wanderer began the quest for the
                  | Orb.
     0 | D:1      | DrunkBamboolord set off with the following items: a +0
                  | hunting sling, 2 scrolls of blinking, 15 sling bullets, a
                  | +0 pair of boots, a +0 leather armour
     0 | D:1      | Reached XP level 1. HP: 17/17 MP: 1/1
   191 | D:1      | Reached XP level 2. HP: 23/23 MP: 2/2
   451 | D:1      | Found a faded altar of an unknown god.
   766 | D:2      | Reached XP level 3. HP: 28/28 MP: 3/3
  1248 | D:2      | Got the Incunabulum of Earthen Transmigration
  1419 | D:2      | Reached skill level 1 in Invocations
  1706 | D:3      | Reached skill level 1 in Short Blades
  1706 | D:3      | Reached skill level 1 in Long Blades
  1706 | D:3      | Reached skill level 1 in Axes
  1706 | D:3      | Reached skill level 1 in Maces & Flails
  1706 | D:3      | Reached skill level 1 in Polearms
  1706 | D:3      | Reached skill level 1 in Staves
  1706 | D:3      | Reached skill level 1 in Bows
  1706 | D:3      | Reached skill level 1 in Crossbows
  1706 | D:3      | Reached skill level 1 in Throwing
  1706 | D:3      | Reached skill level 1 in Armour
  1706 | D:3      | Reached skill level 1 in Stealth
  1706 | D:3      | Reached skill level 1 in Shields
  1706 | D:3      | Reached skill level 1 in Spellcasting
  1707 | D:3      | Reached XP level 4. HP: 34/34 MP: 5/5
  2244 | D:3      | Reached skill level 1 in Conjurations
  2244 | D:3      | Reached skill level 1 in Hexes
  2244 | D:3      | Reached skill level 1 in Summonings
  2244 | D:3      | Reached skill level 1 in Necromancy
  2244 | D:3      | Reached skill level 1 in Translocations
  2244 | D:3      | Reached skill level 1 in Transmutations
  2244 | D:3      | Reached skill level 1 in Fire Magic
  2244 | D:3      | Reached skill level 1 in Ice Magic
  2244 | D:3      | Reached skill level 1 in Air Magic
  2244 | D:3      | Reached skill level 1 in Earth Magic
  2244 | D:3      | Reached skill level 1 in Poison Magic
  2599 | D:4      | Reached XP level 5. HP: 40/40 MP: 5/7
  2641 | D:4      | Found a staircase to the Ecumenical Temple.
  2642 | D:4      | Noticed an ogre
  2650 | D:4      | Killed an ogre
  2651 | D:4      | Reached XP level 6. HP: 35/47 MP: 8/8
  2658 | Temple   | Entered the Ecumenical Temple
  3029 | D:4      | Found a bloodstained altar of Trog.
  3268 | D:4      | Learned a level 1 spell: Slow
  3570 | D:4      | Found a glowing golden altar of the Shining One.
  3575 | D:4      | Found a hide-covered altar of Uskayaw.
  3632 | D:5      | Entered Level 5 of the Dungeon
  3729 | D:5      | Reached XP level 7. HP: 52/52 MP: 10/10
  4008 | D:5      | Reached skill level 9 in Unarmed Combat
  4443 | D:5      | Found an ancient bone altar of Kikubaaqudgha.
  4458 | D:5      | Learned a level 1 spell: Magic Dart
  4461 | D:5      | Learned a level 2 spell: Call Imp
  4542 | D:5      | Found a shimmering blue altar of Sif Muna.
  4567 | D:5      | Reached XP level 8. HP: 30/60 MP: 12/12
  4720 | D:5      | Found a shadowy altar of Dithmenos.
  4720 | D:5      | Found a broken altar of Ashenzari.
  4720 | D:5      | Found a snail-covered altar of Cheibriados.
  4730 | D:5      | Found a blossoming altar of Fedhas.
  4730 | D:5      | Found an opulent altar of Gozag.
  5780 | D:5      | HP: 3/60 [poisoned by a water moccasin]
  5781 | D:5      | HP: 1/60 [poisoned by a water moccasin]
  5854 | D:5      | HP: 2/60 [poisoned by a water moccasin]
  5857 | D:5      | Succumbed to a water moccasin's poison

Illustrated notes

Levels and vault maps discovered:
D:1:      scummos_arrival_star, layout_loops_ring,
          hellmonk_ecumenical_altar_slurped_away, roderic_cross_of_infinity,
          minmay_tromino_v4_b
D:2:      layout_basic, minmay_fractal_squares_gapless_5
D:3:      layout_basic
D:4:      layout_basic, minmay_overflow_temple_star_quad,
          minmay_temple_entry_waves
D:5:      layout_basic, mainiacjoe_overflow_alcove_1, minmay_overflow_temple_hex
D:6:      layout_rooms, nicolae_qazlal_eye_of_the_storm, grunt_ministairs_11,
          minmay_fractal_squares_5
Temple:   grunt_temple_mini_profane

Skill      XL: |  1  2  3  4  5  6  7  8 |
---------------+-------------------------+-----
Invocations    | 1 2 3 |  3.6
Short Blades   | 1 2 3 |  3.3
Long Blades    | 1 2 3 |  3.3
Axes           | 1 2 3 |  3.3
Maces & Flails | 1 2 3 |  3.3
Polearms       | 1 2 3 |  3.3
Staves         | 1 2 3 |  3.3
Bows           | 1 2 3 |  3.3
Crossbows      | 1 2 3 |  3.3
Throwing       | 1 2 3 |  3.3
Armour         | 1 2 3 |  3.3
Stealth        | 1 2 3 |  3.3
Shields        | 1 2 3 |  3.3
Spellcasting   | 1 2 3 |  3.3
Conjurations   | 1 2 |  2.7
Hexes          | 1 2 |  2.7
Summonings     | 1 2 |  2.7
Necromancy     | 1 2 |  2.7
Translocations | 1 2 |  2.7
Transmutations | 1 2 |  2.7
Fire Magic     | 1 2 |  2.7
Ice Magic      | 1 2 |  2.7
Air Magic      | 1 2 |  2.7
Earth Magic    | 1 2 |  2.7
Poison Magic   | 1 2 |  2.7
Fighting       | 3 4 |  4.2
Slings         | 3 4 |  4.2
Evocations     | 3 4 |  4.2
Dodging        | 7 |  7.4
Unarmed Combat | 9 |  9.2

Action                   |  1- 3 |  4- 6 |  7- 9 || total
-------------------------+-------+-------+-------++-------
Melee: Unarmed           |    17 |    36 |   148 ||   201
       Punch             |     1 |     3 |     1 ||     5
       Bite              |       |     2 |    14 ||    16
 Fire: Hunting sling     |    55 |    98 |    53 ||   206
Throw: Dart              |       |     3 |       ||     3
 Cast: Slow              |       |       |     7 ||     7
       Call Imp          |       |       |     5 ||     5
       Magic Dart        |       |       |     2 ||     2
  Use: Scroll            |       |    10 |     1 ||    11
       Potion            |       |       |     5 ||     5
Armor: Leather armour    |    13 |       |    19 ||    32
       Ring mail         |       |     5 |       ||     5
       Robe              |       |       |    14 ||    14
Dodge: Dodged            |    21 |    17 |   182 ||   220
Block: Buckler           |       |       |    46 ||    46
